 Dungeon Crawl Stone Soup version 0.30-a0-371-gad7725a93e (webtiles) character file.

Game seed: 2324559757085759470

23064 ryw the Fighter (level 12, -2/96 HPs)
             Began as a Demonspawn Wanderer on Nov 20, 2022.
             Was an Initiate of Gozag.
             Shot with an arrow by Nessos (14 damage)
             ... on level 4 of the Lair of Beasts.
             The game lasted 01:00:16 (20639 turns).

ryw the Fighter (Demonspawn Wanderer)              Turns: 20639, Time: 01:00:16

Health: -2/96      AC: 10    Str: 11    XL:     12   Next: 68%
Magic:  24/24      EV: 16    Int: 30    God:    Gozag
Gold:   1056       SH:  0    Dex: 15    Spells: 17/28 levels left

rFire   + . .      SeeInvis .      - Unarmed
rCold   + . .      Faith    .    (no shield)
rNeg    . . .      Spirit   .    D - +2 robe {Archmagi}
rPois   .          Reflect  .    w - +2 helmet
rElec   .          Harm     .    E - scarf {rC+ rF+}
rCorr   .          Rampage  .    (no gloves)
Will    .....      Archmagi +    (no boots)
Stlth   +.........               (no amulet)
HPRegen 0.36/turn                k - +6 ring of intelligence
MPRegen 0.19/turn                y - +6 ring of intelligence

@: about to teleport
A: claws 2, slimy green scales 2, spiny 1, condensation shield
a: Renounce Religion, Potion Petition, Call Merchant, Bribe Branch


You were on level 4 of the Lair of Beasts.
You worshipped Gozag.
Gozag was most pleased with you.
You visited 3 branches of the dungeon, and saw 15 of its levels.
You also visited: Sewer.

You collected 4303 gold pieces.
You spent 1265 gold pieces at shops.
You paid 1982 gold pieces to Gozag.

Inventory:

Hand Weapons
 p - a +3 scimitar of flaming
Missiles
 b - 8 boomerangs
 j - 2 throwing nets
 t - 4 curare-tipped darts
Armour
 a - the +2 leather armour of Insecurity {rN+ Will+ Stlth+}
   (You found it on level 2 of the Dungeon)

   rN:        It protects you from negative energy.
   Will:      It increases your willpower.
   Stlth:     It makes you more stealthy.
 w - a +2 helmet (worn)
 B - a +2 robe of cold resistance
 D - a +2 robe of the Archmagi (worn)
 E - a scarf of resistance (worn)
 J - a +0 kite shield
Jewellery
 k - a +6 ring of intelligence (left claw)
 r - a ring of positive energy
 y - a +6 ring of intelligence (right claw)
 G - the ring of Mouwok {rCorr SInv Stlth+}
   (You bought it in a shop on level 4 of the Lair of Beasts)

   [ring of resist corrosion]

   SInv:      It lets you see invisible.
   rCorr:     It protects you from acid and corrosion.
   Stlth:     It makes you more stealthy.
 H - a ring of magical power
Wands
 d - a wand of polymorph (16)
 e - a wand of flame (10)
 o - a wand of mindburst (11)
 z - a wand of light (6)
 K - a wand of charming (4)
Scrolls
 g - a scroll of magic mapping
 m - 7 scrolls of teleportation
 u - 3 scrolls of butterflies
 F - a scroll of silence
 I - 3 scrolls of enchant armour
Potions
 c - 3 potions of mutation
 f - 4 potions of curing
 h - 4 potions of lignification
 i - 3 potions of ambrosia
 l - 3 potions of resistance
 n - 4 potions of flight
 q - 5 potions of heal wounds
 s - 4 potions of brilliance
 v - 3 potions of cancellation
 x - 2 potions of invisibility
 A - 2 potions of magic
 C - a potion of berserk rage
 L - a potion of attraction


   Skills:
 + Level 9.6 Fighting
 - Level 1.4 Throwing
 - Level 1.0 Armour
 + Level 8.3 Dodging
 + Level 8.9 Unarmed Combat
 + Level 8.5 Spellcasting
 - Level 1.4 Conjurations
 - Level 3.3 Hexes
 + Level 9.2 Summonings
 + Level 4.8 Translocations
 - Level 1.5 Evocations


You had 17 spell levels left.
You knew the following spells:

 Your Spells              Type           Power      Damage    Failure   Level
a - Summon Small Mammal   Summ           100%       N/A       1%          1
b - Call Canine Familiar  Summ           80%        N/A       1%          3
c - Apportation           Tloc           100%       N/A       1%          1
d - Blink                 Tloc           100%       N/A       1%          2
e - Manifold Assault      Tloc           58%        N/A       5%          4

Your spell library contained the following spells:

 Spells                   Type           Power      Damage    Failure   Level
 Slow                     Hex            100%       N/A       1%          1
 Gell's Gravitas          Tloc           58%        N/A       1%          3
 Lesser Beckoning         Tloc           100%       N/A       1%          3
 Teleport Other           Tloc           58%        N/A       1%          3
 Magic Dart               Conj           100%       1d8       2%          1
 Portal Projectile        Hex/Tloc       100%       N/A       2%          3
 Searing Ray              Conj           64%        2d6       3%          2
 Necrotise                Necr           76%        1d7       4%          1
 Sting                    Tmut/Pois      76%        1d6       4%          1
 Static Discharge         Conj/Air       50%        2-5/arc   4%          2
 Dazzling Flash           Conj/Hex       80%        N/A       4%          3
 Vhi's Electric Charge    Tloc/Air       80%        N/A       4%          3
 Passwall                 Tmut/Erth      15%        N/A       6%          2
 Poisonous Vapours        Pois/Air       38%        N/A       6%          2
 Animate Armour           Summ/Erth      100%       N/A       6%          4
 Hailstorm                Conj/Ice       25%        3d7       9%          3
 Stone Arrow              Conj/Erth      50%        3d10      9%          3
 Cause Fear               Hex            24%        N/A       11%         4
 Ozocubu's Armour         Ice            19%        N/A       12%         3
 Fulminant Prism          Conj/Hex       20%        3d12      16%         4
 Leda's Liquefaction      Hex/Erth       17%        N/A       21%         4
 Ice Form                 Ice/Tmut       19%        N/A       38%         4
 Olgreb's Toxic Radiance  Pois           19%        N/A       38%         4
 Monstrous Menagerie      Summ           40%        N/A       61%         7
 Arcjolt                  Conj/Air       12%        1d22      63%         5
 Lightning Bolt           Conj/Air       12%        1d26      63%         5
 Alistair's Intoxication  Tmut/Pois      12%        N/A       75%         5
 Summon Horrible Things   Summ           40%        N/A       99%         8
 Dragon Form              Tmut           9%         N/A       100%        7
 Ozocubu's Refrigeration  Ice            9%         4d9       100%        7
 Storm Form               Tmut/Air       9%         N/A       100%        7
 Lehudib's Crystal Spear  Conj/Erth      12%        10d4      100%        8
 Dragon's Call            Summ           40%        N/A       100%        9
 Simulacrum               Ice/Necr       Unusable   N/A       N/A         6

Dungeon Overview and Level Annotations

Branches:
Dungeon (10/15)            Temple (1/1) D:6            Lair (4/5) D:8
  Swamp (0/4) Lair:3        Snake (0/4) Lair:2        Sewer (visited)
  Slime: Lair:4-5       Orc: D:9-12

Altars:
Ashenzari
Cheibriados
Dithmenos
Fedhas
Gozag
Hepliaklqana
Kikubaaqudgha
Makhleb
Nemelex Xobeh
Okawaru
Qazlal
Ru
Sif Muna
Trog
Uskayaw
Vehumet
Wu Jian
Xom
Yredelemnul

Shops:
D:3 [   D:8 ([   Lair:1 *   Lair:4 *

Annotations:
Lair:4 Nessos


Innate Abilities, Weirdness & Mutations

You have very sharp fingernails.
You are mostly covered in slimy green scales. (AC +3)
You are partially covered in sharp spines.
A meltable shield of frost defends you. (SH +0)


Message History

Nessos the Markscentaur comes into view.
Nessos shouts!
A cane toad comes into view.
You swap places.
Nessos wields a +3 longbow of flaming.
It bursts into flame!
Nessos shoots an arrow.
The arrow completely misses you.
Nessos shoots an arrow.
The arrow hits you.
Your condensation shield dissipates!
The arrow burns you.
You are poisoned.
You feel sick.
You feel sick.
Your warg bites the cane toad.
Nessos mumbles some strange words.
Nessos seems to speed up.
You feel sick.
Your warg bites the cane toad.
You feel sick.
You feel sick. The cane toad misses you.
Nessos shoots an arrow.
The arrow misses your warg.
The arrow closely misses the cane toad.
The arrow hits you!
You are more poisoned.
Your warg bites the cane toad but does no damage.
The cane toad stings you!
You feel very sick.
Nessos casts a spell.
Nessos blinks!
Nessos shoots an arrow.
The arrow hits you! The arrow burns you.
You are more poisoned.
Your warg bites the cane toad!
Nessos pounds the earth with their hooves.
As you read the scroll of teleportation, it crumbles to dust.
You feel strangely unstable.
You feel very sick. The cane toad stings you.
* * * LOW HITPOINT WARNING * * *
You feel better.
Nessos shoots an arrow.
The arrow hits you!!
* * * LOW HITPOINT WARNING * * *
The arrow burns you.
* * * LOW HITPOINT WARNING * * *
Your warg bites the cane toad!
The cane toad stings your warg!
Nessos shoots an arrow.
The arrow hits you!
You die...
Your body crumbles into a pile of gold.

##..............
#.............#
#.............
##...........##
#..........<..#
#...........P##
##...........## # ###
#............# ..#..##
#....@......##
.......####.cF......##
............h.......#
....^.......#.........
............##........
............#.....#...
...................#..
............c.........
......!..............


You could see Nessos (fast), a cane toad (distracted, ally target) and a
friendly warg (summoned).

Vanquished Creatures
  2 hydras
  Erica (D:9)
  3 cane toads
  A komodo dragon (Lair:4)
  Psyche (D:8)
  A troll (D:10)
  2 blink frogs (Lair:2)
  2 dream sheep (D:10)
  A shadow (D:9)
  2 wyverns
  A fire elemental (Lair:2)
  26 yaks
  A basilisk (Lair:1)
  A steam dragon (D:8)
  An acid dragon (D:10)
  4 water moccasins
  3 sky beasts (D:7)
  3 ice beasts
  A black bear (D:6)
  An orc warrior (D:7)
  6 wolves
  A phantom (D:6)
  3 centaurs
  5 kobold brigands
  A necrophage (D:6)
  3 scorpions
  7 bullfrogs
  4 wights (D:7)
  17 killer bees
  2 howler monkeys (D:8)
  4 hounds
  2 jellies
  An orc priest (D:3)
  3 iguanas
  5 orc wizards
  2 gnolls (D:7)
  9 adders
  A river rat (Sewer)
  3 white imps
  A nameless horror (D:6)
  An ufetubus (D:6)
  2 worms
  5 dart slugs
  20 orcs
  5 bats
  3 endoplasms
  4 giant cockroaches
  5 goblins
  4 hobgoblins
  4 jackals
  5 kobolds
  8 quokkas
  10 ball pythons
  2 frilled lizards
  4 rats
220 creatures vanquished.

Vanquished Creatures (collateral kills)
  A hydra (D:10)
  A two-headed ogre (D:9)
  A bog body (Lair:3)
  A molten gargoyle (Lair:2)
  3 cane toads
  4 komodo dragons
  A troll (D:8)
  2 blink frogs (Lair:2)
  A shadow (D:10)
  15 yaks
  2 steam dragons
  An acid dragon (D:9)
  3 water moccasins
  2 ice beasts
  2 wolves (Lair:2)
  A centaur (D:7)
  4 kobold brigands
  Blork the orc (D:5)
  A gnoll sergeant (D:9)
  3 bullfrogs
  A necrophage (D:6)
  2 scorpions
  4 wights
  4 killer bees
  5 electric eels
  A lava snake (Lair:2)
  A jelly (D:6)
  3 hounds (D:8)
  A gnoll bouda (D:7)
  2 iguanas
  4 orc wizards
  8 gnolls
  An adder (D:5)
  A river rat (Sewer)
  A shadow imp (D:8)
  2 white imps
  2 ufetubi
  14 orcs
  2 ball pythons
  A hobgoblin (D:4)
  6 kobolds
  A bush (Lair:2)
117 creatures vanquished.

Vanquished Creatures (others)
  An angel (D:6)
  A sky beast (D:8)
  15 fungi
  43 plants
  4 toadstools (D:8)
64 creatures vanquished.

Grand Total: 401 creatures vanquished

Notes
Turn   | Place    | Note
-------+----------+-------------------------------------------
     0 | D:1      | ryw the Demonspawn Wanderer began the quest for the Orb.
     0 | D:1      | ryw set off with the following items: a +0 dagger, 6
                  | boomerangs, a potion of mutation, a +0 robe; and the
                  | following spells available to memorise: Slow, Magic Dart,
                  | Dazzling Flash, Fulminant Prism, Leda's Liquefaction.
     0 | D:1      | Reached XP level 1. HP: 16/16 MP: 2/2
   210 | D:1      | Gained mutation: You are partially covered in slimy green
                  | scales. (AC +2) [demonic ancestry]
   210 | D:1      | Reached XP level 2. HP: 22/22 MP: 3/3
  1029 | D:2      | Gained mutation: You have sharp fingernails. [demonic
                  | ancestry]
  1029 | D:2      | Reached XP level 3. HP: 15/28 MP: 3/5
  1098 | D:2      | Identified the +2 leather armour of Insecurity {rN+ Will+
                  | Stlth+}
  1224 | D:2      | Learned a level 1 spell: Summon Small Mammal
  1303 | D:2      | Found a burning altar of Makhleb.
  1460 | D:2      | Reached skill level 1 in Unarmed Combat
  1495 | D:2      | Found a faded altar of an unknown god.
  1694 | D:3      | Reached XP level 4. HP: 18/34 MP: 6/6
  2028 | D:3      | Reached skill level 1 in Summonings
  2035 | D:3      | Found Guvaaw's Armour Shop.
  2096 | D:3      | Found a sacrificial altar of Ru.
  2507 | D:4      | Reached XP level 5. HP: 38/39 MP: 5/7
  2523 | D:3      | Reached skill level 1 in Dodging
  2706 | D:4      | Found a blossoming altar of Fedhas.
  2796 | D:4      | Learned a level 3 spell: Call Canine Familiar
  3013 | D:5      | Entered Level 5 of the Dungeon
  3034 | D:5      | Found a glowing drain.
  3043 | Sewer    | Entered a sewer
  3323 | Sewer    | Gained mutation: You are mostly covered in slimy green
                  | scales. (AC +3) [demonic ancestry]
  3323 | Sewer    | Reached XP level 6. HP: 37/47 MP: 5/9
  4410 | D:5      | Noticed a water moccasin
  4598 | D:5      | Noticed Blork the orc
  4689 | D:5      | Reached XP level 7. HP: 19/52 MP: 9/11
  5741 | D:6      | Noticed a steam dragon
  6012 | D:5      | Killed Blork the orc
  6276 | D:6      | Gained mutation: You are partially covered in sharp spines.
                  | [demonic ancestry]
  6276 | D:6      | Reached XP level 8. HP: 53/60 MP: 8/13
  6971 | D:6      | Noticed an angel
  6972 | D:6      | Found a shimmering altar of Xom.
  7047 | D:6      | Found a staircase to the Ecumenical Temple.
  7101 | Temple   | Entered the Ecumenical Temple
  7341 | Temple   | Became a worshipper of Gozag Ym Sagoz the Greedy
  7357 | D:6      | Reached skill level 5 in Fighting
  7491 | D:6      | Reached skill level 5 in Unarmed Combat
  7707 | D:6      | Gained mutation: You have very sharp fingernails. [demonic
                  | ancestry]
  7707 | D:6      | Reached XP level 9. HP: 51/68 MP: 13/15
  7809 | D:6      | Killed an angel
  8377 | D:7      | Reached skill level 5 in Summonings
  8559 | D:7      | Reached skill level 5 in Spellcasting
  8858 | D:7      | Found a bloodstained altar of Trog.
  9096 | D:7      | Reached skill level 5 in Dodging
  9338 | D:7      | Found an iron altar of Okawaru.
  9958 | D:8      | Reached XP level 10. HP: 62/77 MP: 18/18
 10067 | D:8      | Noticed Psyche
 10790 | D:8      | Found a staircase to the Lair.
 10987 | D:8      | Found Gaokenic's Weapon Shop.
 11465 | D:8      | Killed Psyche
 12124 | D:9      | Noticed a two-headed ogre
 12147 | D:9      | Killed a two-headed ogre
 12235 | D:9      | Noticed Erica
 12251 | D:9      | Killed Erica
 12972 | D:9      | Reached XP level 11. HP: 71/85 MP: 18/21
 13052 | D:9      | Learned a level 1 spell: Apportation
 13055 | D:9      | Learned a level 2 spell: Blink
 13060 | D:9      | Learned a level 4 spell: Manifold Assault
 13601 | D:10     | Entered Level 10 of the Dungeon
 13640 | D:10     | Found a sparkling altar of Nemelex Xobeh.
 13692 | D:10     | Reached skill level 1 in Translocations
 13808 | D:10     | Found a hazy altar of Hepliaklqana.
 14144 | D:10     | Noticed a three-headed hydra
 14157 | D:10     | Killed a three-headed hydra
 14365 | D:10     | Found a radiant altar of Vehumet.
 14961 | D:10     | Identified a scroll of acquirement
 14961 | D:10     | Acquired 1280 gold pieces
 15055 | Lair:1   | Entered Level 1 of the Lair of Beasts
 15207 | D:8      | Bought a +2 robe of the Archmagi for 603 gold pieces
 15207 | D:8      | Bought a scarf of resistance for 512 gold pieces
 16444 | Lair:2   | Found a staircase to the Snake Pit.
 16853 | Lair:2   | Got the Guide on Invitation
 16919 | Lair:2   | Gained mutation: A meltable shield of frost defends you.
                  | (SH +0) [demonic ancestry]
 16919 | Lair:2   | Reached XP level 12. HP: 79/94 MP: 20/23
 16989 | Lair:2   | Noticed a four-headed hydra
 17010 | Lair:2   | Killed a four-headed hydra
 18444 | Lair:3   | Noticed a seven-headed hydra
 18457 | Lair:3   | Killed a seven-headed hydra
 18669 | Lair:3   | Got Sif Muna's Secrets of Stony Shifting
 19200 | Lair:3   | Found a staircase to the Swamp.
 19403 | Lair:3   | Identified the +0 hat of the Present {Stlth+}
 20313 | Lair:4   | Bought a slimy wooden ring for 125 gold pieces
 20313 | Lair:4   | Identified the ring of Mouwok {rCorr SInv Stlth+} (You
                  | bought it in a shop on level 4 of the Lair of Beasts)
 20313 | Lair:4   | Bought a scroll labelled NEZAEMIOLO for 25 gold pieces
 20630 | Lair:4   | Noticed Nessos
 20639 | Lair:4   | Shot with an arrow by Nessos

Illustrated notes

Levels and vault maps discovered:
D:1:      mrwooster_arrival_statue_2, layout_basic, grunt_decor_one_mirror
D:2:      layout_rooms, dilly_ecumenical_altar_fadedgnrine, basic_altar
D:3:      minmay_general_purpose_star, layout_basic,
          nicolae_ru_sacrificial_ziggurat, serial_shops, nicolae_shop_stone,
          minmay_curled_crystal
D:4:      layout_gridville, fedhas_ov_isle_minmay
D:5:      layout_gridville, portal_sewer_entry_d, uniq_blork_the_orc
D:6:      minmay_clustersquares, layout_loops_corners, general_overflow_altar,
          grunt_temple_overflow_order_and_chaos_1,
          minmay_temple_entry_statues_pillars
D:7:      layout_loops_corners, trog_butcher_becter, okawaru_metal_pillars_3,
          minivault_27
D:8:      layout_cave_pods, erik_lair_island, serial_shops,
          nicolae_shop_crystal, minmay_gold_behind_fungi, dk_noncrumbling_2,
          item_on_display_a, uniq_psyche
D:9:      lemuel_ice_spiral_2, layout_basic, abandoned_shop,
          minmay_misc_feat_rugged, uniq_erica
D:10:     layout_stronghold, nicolae_vehumet_altar_sigil, kennysheep_little_box,
          worldfamousw_hep_ancestral_shrine, serial_column_ruins,
          column_ruins_circle_small, column_ruins_open_medium_water,
          column_ruins_open_tiny, column_ruins_corridor_corner,
          column_ruins_open_small, column_ruins_open_tiny_water, hangedman_ranch
Temple:   hellmonk_temple_forest_ring
Lair:1:   layout_cave_pods
Lair:2:   layout_chaotic_city, serial_bayou_lagoon_b
Lair:3:   layout_cave_pods, skrybe_swamp_entry_bodies
Lair:4:   layout_hall_layers, nicolae_lair_liquid_snakes, uniq_nessos

Skill      XL: |  1  2  3  4  5  6  7  8  9 10 11 12 |
---------------+-------------------------------------+-----
Unarmed Combat | 1 2 3 4 5 6 7 8 |  8.9
Summonings     | 1 2 3 4 6 7 8 9 |  9.2
Dodging        | 1 2 3 4 5 6 7 8 |  8.3
Spellcasting   | 2 3 4 5 6 7 8 |  8.5
Fighting       | 3 4 5 6 7 8 9 |  9.6
Translocations | 3 4 |  4.8
Throwing       | |  1.4
Armour         | |  1.0
Conjurations   | |  1.4
Hexes          | |  3.3
Evocations     | |  1.5

Action                   |  1- 3 |  4- 6 |  7- 9 | 10-12 || total
-------------------------+-------+-------+-------+-------++-------
Melee: Dagger            |   139 |       |       |       ||   139
       Unarmed           |    78 |   238 |   249 |   404 ||   969
       Punch             |     1 |     6 |     9 |    24 ||    40
 Cast: Summon Small Mamm |       |    66 |    47 |    32 ||   145
       Call Canine Famil |       |       |    41 |    84 ||   125
       Manifold Assault  |       |       |       |     3 ||     3
Invok: Call Merchant     |       |       |       |     3 ||     3
  Use: Potion            |     1 |       |       |     2 ||     3
       Scroll            |       |     7 |    11 |    12 ||    30
 Stab: Sleeping          |     3 |       |     1 |       ||     4
       Distracted        |       |     1 |     4 |     4 ||     9
Armor: Robe              |    43 |       |       |    42 ||    85
       Leather armour    |    45 |    69 |   109 |    68 ||   291
Dodge: Dodged            |   133 |   103 |   178 |   223 ||   637
Block: Other             |       |       |       |    14 ||    14

Table legend: (Time is in decaauts)
 A = Elapsed time spent in this place.
 B = Non-inter-level travel time spent in this place.
 C = Inter-level travel time spent in this place.
 D = Time resting spent in this place.
 E = Time spent auto-exploring this place.
 F = Levels seen in this place.
 G = Mean time per level.
                   A        B        C        D        E       F      G
               +--------+--------+--------+--------+--------+-----+--------+
         Total |  20766 |  19998 |    768 |   4918 |  11247 |  16 | 1297.9 |
       Dungeon |  13767 |  13222 |    545 |   3022 |   7393 |  10 | 1376.7 |
        Temple |    248 |    241 |      7 |      0 |    211 |   1 |  248.0 |
          Lair |   5309 |   5094 |    215 |   1542 |   2884 |   4 | 1327.2 |
         Sewer |   1441 |   1441 |      0 |    354 |    759 |   1 | 1441.0 |
               +--------+--------+--------+--------+--------+-----+--------+

Top non-repeatable levels by time:
     D:8: 2511 daAuts
  Lair:2: 1986 daAuts
     D:6: 1858 daAuts
  Lair:3: 1779 daAuts
     D:7: 1616 daAuts
     D:9: 1592 daAuts
   Sewer: 1441 daAuts
    D:10: 1408 daAuts
     D:5: 1319 daAuts
  Lair:1: 1105 daAuts
     D:3: 933 daAuts
     D:4: 922 daAuts
     D:1: 919 daAuts
     D:2: 686 daAuts
  Lair:4: 437 daAuts
